 Dungeon Crawl Stone Soup version 0.28.0-43-g3370ac3207 (webtiles) character file.

Game seed: 7200780305619767926

173 terff the Covert (level 5, 0/35 HPs)
             Began as an Octopode Brigand on Mar 20, 2022.
             Was an Initiate of Dithmenos.
             Constricted to death by a ball python (1 damage)
             ... on level 1 of the Dungeon.
             The game lasted 00:06:07 (1212 turns).

terff the Covert (Octopode Brigand)                 Turns: 1212, Time: 00:06:09

Health: 0/35       AC:  1    Str: 15    XL:     5   Next: 53%
Magic:  5/5        EV: 10    Int: 13    God:    Dithmenos [......]
Gold:   90         SH:  0    Dex: 20    Spells: 4/4 levels left

rFire   x . .      SeeInvis .   a - +3 dagger
rCold   + . .      Faith    .   (no shield)
rNeg    + . .      Spirit   .   (helmet restricted)
rPois   .          Reflect  .   (no amulet)
rElec   .          Harm     .   f - ring "Lioptoiq" {Ice rN+ Str+4 Dex+5}
rCorr   .          Rampage  .   (no ring)
Will    .....                   (no ring)
Stlth   +++++.....              (no ring)
HPRegen 0.11/turn               (no ring)
MPRegen 0.09/turn               (no ring)
                                (no ring)
                                (no ring)

@: constricted
A: almost no armour, amphibious, 8 rings, camouflage 1, gelatinous body 1,
(nimble swimmer 1), tentacles
a: Renounce Religion


You were on level 1 of the Dungeon.
You worshipped Dithmenos.
Dithmenos was noncommittal.
You visited 2 branches of the dungeon, and saw 7 of its levels.

You collected 90 gold pieces.

Inventory:

Hand Weapons
 a - a +3 dagger (weapon)
 j - a +0 dagger of holy wrath
Missiles
 b - 8 poisoned darts (quivered)
 c - 2 curare-tipped darts
Armour
 e - a scarf of resistance
 g - a +0 cloak
Jewellery
 f - the ring "Lioptoiq" (left tentacle) {Ice rN+ Str+4 Dex+5}
   (You found it on level 2 of the Dungeon)

   [ring of ice]

   It enhances your ice magic.
   Str:       It affects your strength (+4).
   Dex:       It affects your dexterity (+5).
   rF:        It makes you vulnerable to fire.
   rC:        It protects you from cold.
   rN:        It protects you from negative energy.
Scrolls
 h - a scroll of holy word {unknown}
 k - a scroll of teleportation {unknown}
Potions
 i - a potion of attraction {unknown}
 l - a potion of heal wounds {unknown}


   Skills:
 + Level 2.6 Fighting
 + Level 2.8 Short Blades
 + Level 2.3 Throwing
 + Level 1.2 Dodging
 + Level 8.0 Stealth


You had 4 spell levels left.
You didn't know any spells.
Your spell library contained the following spells:

 Spells                   Type           Power      Damage    Failure   Level
 Frozen Ramparts          Ice            0%         1d2       67%         3
 Summon Guardian Golem    Hex/Summ       0%         N/A       67%         3
 Ice Form                 Ice/Tmut       0%         N/A       97%         4
 Summon Ice Beast         Ice/Summ       0%         N/A       97%         4
 Orb of Destruction       Conj           0%         9d5       100%        7
 Spellforged Servitor     Conj/Summ      0%         N/A       100%        7


Dungeon Overview and Level Annotations

Branches:
Dungeon (6/15)             Temple (1/1) D:4

Altars:
Dithmenos
Fedhas
Uskayaw
Wu Jian
Xom

Shops:
D:1 [

Annotations:
D:2 Jessica


Innate Abilities, Weirdness & Mutations

You cannot wear most types of armour.
You are amphibious.
You can wear up to eight rings at the same time.
Your skin changes colour to match your surroundings (Stealth+).
Your rubbery body absorbs attacks. (AC +1, EV +1)
((You are camouflaged when in or above water. (Stealth+)))
You have tentacles for arms and can constrict up to eight enemies at once.


Message History

You escape the ball python's grasp.
The ball python bites you. The ball python grabs you.
The ball python constricts you. The jackal completely misses you.
You escape the ball python's grasp.
The jackal misses you. The jackal closely misses you. x2
You barely miss the jackal. You grab the jackal. You constrict the jackal.
The jackal bites you.
A ball python comes into view.
You release your grip on the jackal.
The ball python bites you. The ball python grabs you.
The ball python constricts you.
The ball python bites you but does no damage.
The ball python constricts you.
You escape the ball python's grasp.
The ball python bites you.
* * * LOW HITPOINT WARNING * * *
The ball python grabs you. The ball python constricts you.
* * * LOW HITPOINT WARNING * * *
You see here a +0 hand axe.
You escape the ball python's grasp.
The jackal bites you.
* * * LOW HITPOINT WARNING * * *
The ball python misses you. The ball python barely misses you.
The jackal bites you.
* * * LOW HITPOINT WARNING * * *
You hit the ball python. Your grab misses the ball python.
Your squeeze misses the ball python.
The ball python is severely wounded.
The ball python bites you.
* * * LOW HITPOINT WARNING * * *
The ball python barely misses you. The jackal barely misses you.
The ball python barely misses you. The ball python grabs you.
The ball python constricts you.
* * * LOW HITPOINT WARNING * * *
As you read the scroll labelled MOEFYIZXUHUE, it crumbles to dust.
It is a scroll of enchant weapon.
Your +2 dagger glows red for a moment.
The ball python barely misses you. The jackal bites you.
* * * LOW HITPOINT WARNING * * *
The jackal bites you.
* * * LOW HITPOINT WARNING * * *
The ball python barely misses you. The ball python constricts you.
You die...

...........# ....$......#
...........# ## ...........#
.. ...........############.#
..........##............
.#....................#
..........)#...Sh.....###
#............SKh@.......#
#..............hS.....#>#
................S.....####.#
#..........#.............l..
##.........#.#.#######......
##......#.#...# ......
#..###.#.#..## ...... ##.
#.#....# ...... # #.......#
..#.#


You could see 3 jackals, 4 ball pythons and a kobold.

Vanquished Creatures
  A sky beast (D:5)
  A jelly (D:4)
  A hound skeleton (D:5)
  An adder (D:4)
  3 dart slugs
  An endoplasm (D:3)
  2 goblins
  2 hobgoblins
  4 jackals
  2 kobolds (D:2)
  2 quokkas
  2 ball pythons
  2 bats
  2 rats (D:1)
26 creatures vanquished.

Notes
Turn   | Place    | Note
-------+----------+-------------------------------------------
     0 | D:1      | terff the Octopode Brigand began the quest for the Orb.
     0 | D:1      | Reached XP level 1. HP: 14/14 MP: 1/1
    52 | D:1      | Found Miahem's Armour Shoppe.
    93 | D:2      | Reached XP level 2. HP: 18/19 MP: 2/2
    98 | D:2      | Noticed Jessica
   229 | D:2      | Identified the ring "Lioptoiq" {Ice rN+ Str+4 Dex+5}
   444 | D:4      | Reached skill level 6 in Stealth
   444 | D:4      | Reached XP level 3. HP: 24/24 MP: 3/3
   490 | D:5      | Entered Level 5 of the Dungeon
   563 | D:5      | Noticed a sky beast
   576 | D:5      | Killed a sky beast
   577 | D:5      | Reached skill level 7 in Stealth
   577 | D:5      | Reached XP level 4. HP: 9/30 MP: 4/4
   577 | D:5      | Reached XP level 5. HP: 11/35 MP: 5/5
   929 | D:4      | Found a staircase to the Ecumenical Temple.
   939 | Temple   | Entered the Ecumenical Temple
   958 | Temple   | Became a worshipper of Dithmenos the Shadowed
  1093 | D:2      | You fall into a shaft and drop 1 floor!
  1110 | D:2      | Reached skill level 8 in Stealth
  1212 | D:1      | HP: 1/35 [jackal (3)]
  1212 | D:1      | Constricted to death by a ball python

Illustrated notes

Levels and vault maps discovered:
D:1:      wander_arrival_fairy_ring, layout_rooms,
          ebering_ecumenical_altar_hall, serial_shops, shop_statue, shop
D:2:      layout_basic, minivault_24, kennysheep_cluttered_room,
          minmay_misc_feat_rugged, minmay_ruptured, uniq_jessica, uniq_natasha
D:3:      layout_basic, wad_orctagon
D:4:      layout_loops_ring, minmay_temple_entry_gardened_gates, st_stairs_6
D:5:      layout_layer_cave, chequers_decorated_corner, serial_park_tiny_pond,
          uniq_sigmund, uniq_duvessa
D:6:      layout_cave_pools, mainiacjoe_overflow_large_starburst,
          nicolae_shop_overcharged_wands
Temple:   hc_temple_tempest_star

Skill      XL: |  1  2  3  4  5 |
---------------+----------------+-----
Stealth        | 6 7 8 |  8.0
Fighting       | |  2.6
Short Blades   | |  2.8
Throwing       | |  2.3
Dodging        | |  1.2

Action                   |  1- 3 |  4- 6 || total
-------------------------+-------+-------++-------
Melee: Dagger            |    36 |    14 ||    50
       Tentacles         |    10 |     3 ||    13
       Constrict         |     8 |     4 ||    12
  Use: Scroll            |       |     1 ||     1
 Stab: Sleeping          |     5 |     2 ||     7
       Distracted        |     1 |       ||     1
Armor: Skin              |     3 |     3 ||     6
Dodge: Dodged            |    19 |    20 ||    39
